Map: Port Aleksander LE

Players

RiSky

  • Race: Zerg Zerg
  • Spawn Location: 11:00

SKillous - Winner!

  • Race: Protoss Protoss
  • Spawn Location: 5:00

Event: 2019 WCS Spring

VOD

Have the link to the VOD?

Description

Time

  • Played on: May 17, 2019, 3:29 p.m.
  • Length: 7:41

All games in this series

Show
View Real Time Build Order
Export as new Build Order

RiSky Zerg 

Build Orders: Hatch First 

Get SALT Encoding   

  12  0:00  Drone  
  13  0:12  Overlord  
  13  0:17  Drone  
  14  0:31  Drone x2  
  16  0:47  Drone  
  16  0:48  Drone  
  18  0:56  Hatchery  
  17  0:59  Drone  
  17  1:02  Extractor  
  17  1:15  Spawning Pool  
  17  1:18  Drone  
  17  1:21  Drone  
  18  1:28  Drone  
  19  1:40  Overlord  
  19  1:53  Drone  
  20  2:01  Queen  
  20  2:02  Zergling x2  
  20  2:03  Metabolic Boost  
  20  2:08  Queen  
  23  2:10  Zergling x2  
  23  2:13  Drone  
  27  2:21  Drone  
  28  2:30  Drone  
  28  2:36  Zergling x2  
  30  2:40  Hatchery  
  30  2:44  Drone  
  30  2:51  Drone  
  30  2:55  Drone x3  
  34  3:02  Overlord  
  34  3:05  Drone  
  34  3:08  Queen  
  36  3:21  Zergling x2  
  36  3:22  Zergling x2  
  36  3:23  Zergling x2  
  36  3:24  Drone x2  
  41  3:37  Drone x2  
  41  3:41  Drone  
  41  3:44  Spore Crawler, Drone x2  
  41  3:45  Drone  
  43  3:48  Overlord  
  43  3:52  Drone  
  43  3:53  Drone x3  
  43  3:54  Drone  
  48  4:00  Overlord  
  48  4:08  Drone  
  49  4:11  Drone  
  49  4:15  Spore Crawler, Drone  
  47  4:17  Drone  
  47  4:18  Drone  
  47  4:21  Drone x6  
  47  4:23  Spore Crawler  
  54  4:30  Lair  
  54  4:31  Overlord  
  54  4:34  Overlord  
  54  4:41  Zergling x4  
  54  4:43  Drone  
  57  4:49  Roach Warren  
  57  4:52  Zergling x4  
  58  4:53  Drone x4  
  58  4:54  Drone  
  58  4:56  Drone  
  58  4:57  Drone x2  
  67  5:00  Drone  
  67  5:03  Drone  
  67  5:05  Extractor  
  67  5:06  Extractor  
  67  5:07  Overlord  
  66  5:10  Queen  
  66  5:14  Overlord  
  67  5:29  Roach x7  
  67  5:33  Roach x3  
  67  5:34  Zergling x4  
  89  5:41  Zergling x2  
  89  5:42  Zergling x2  
  90  5:44  Overlord  
  90  5:47  Overlord  
  88  5:57  Zergling x2  
  88  5:58  Zergling x4  
  88  6:04  Roach x2  
  89  6:06  Roach x3  
  91  6:11  Roach x2  
  91  6:15  Roach x2  
  84  6:19  Zergling x2  
  84  6:24  Roach x2  
  86  6:32  Roach  
  85  6:35  Queen x2, Zergling x4  
  85  6:37  Zergling x2  
  82  6:46  Extractor  
  73  6:47  Roach, Extractor  
  73  6:49  Zergling x4  
  64  6:54  Roach  
  64  6:56  Zergling x2  
  57  7:09  Zergling x8  
  57  7:14  Zergling x2  
  53  7:18  Roach, Spine Crawler  
Show
View Real Time Build Order
Export as new Build Order

SKillous Protoss - Winner!

Build Orders: 1 Gate Expand, Oracle Opening, Phoenix Opening 

Get SALT Encoding   

  12  0:00  Probe  
  13  0:12  Probe  
  14  0:20  Pylon  
  14  0:25  Probe  
  15  0:34  Probe  
  15  0:42  Probe  
  16  0:45  Gateway  
  17  0:52  Probe  
  17  0:55  Assimilator  
  19  1:04  Probe  
  19  1:16  Probe  
  20  1:32  Cybernetics Core  
  20  1:39  Nexus  
  20  1:47  Pylon  
  20  1:50  Probe  
  21  1:55  Assimilator  
  21  1:58  Adept  
  21  2:02  Probe  
  24  2:14  Probe  
  25  2:19  Adept  
  25  2:25  Stargate  
  25  2:27  Probe  
  28  2:38  Warp Gate  
  28  2:39  Probe  
  29  2:48  Adept  
  31  2:51  Probe x2  
  33  2:59  Probe  
  33  3:03  Phoenix  
  33  3:04  Probe  
  35  3:07  Probe  
  38  3:16  Probe  
  38  3:18  Probe, Pylon  
  40  3:27  Oracle  
  40  3:28  Probe  
  40  3:31  Probe  
  45  3:40  Probe  
  44  3:43  Probe  
  43  3:49  Robotics Facility  
  43  3:50  Gateway  
  43  3:52  Probe  
  43  3:55  Assimilator, Probe  
  45  4:05  Gateway x2  
  45  4:09  Probe  
  46  4:19  Probe  
  46  4:21  Probe  
  48  4:25  Gateway  
  48  4:26  Adept, Gateway  
  50  4:31  Warp Prism  
  50  4:35  Gateway  
  50  4:36  Gateway  
  50  4:45  Sentry  
  54  4:54  Pylon  
  54  4:58  Pylon  
  54  5:02  Pylon  
  54  5:22  Pylon  
  54  5:25  Sentry x3  
  54  5:26  Stalker x3  
  64  5:29  Stalker  
  64  5:31  Stalker  
  68  5:48  Adept x4  
  76  5:51  Zealot  
  76  5:52  Zealot  
  80  6:00  Stalker x2  
  80  6:08  Stalker  
  80  6:09  Stalker  
  80  6:13  Zealot x3  
  81  6:23  Stalker  
  75  6:25  Stalker x2  
  77  6:35  Zealot x4  
  69  6:47  Stalker x2  
  73  6:59  Stalker x4  
  77  7:09  Zealot x2  
  77  7:15  Zealot x3  
  81  7:24  Adept x2  
  85  7:35  Pylon  
  85  7:37  Pylon  
Tags
 
Add a new tag
Caveats
  • Supply blocks, unpowered buildings, or Contaminate may cause inaccurate times.
  • Supply counts are checked every 10 seconds.